 Dungeon Crawl Stone Soup version 0.28-a0-445-g51f8dfeb47 (webtiles) character file.

Game seed: 1278112352343692952

5448 GenialerGandalf the Cleaver (level 10, -3/75 (84) HPs)
             Began as a Hill Orc Fighter on Sept 13, 2021.
             Was a Believer of Beogh.
             Slain by an orc warrior (14 damage)
             ... on level 8 of the Dungeon.
             The game lasted 01:04:52 (13891 turns).

GenialerGandalf the Cleaver (Hill Orc Fighter)     Turns: 13891, Time: 01:04:53

HP:   -3/75 (84)    AC: 16    Str: 23    XL:     10   Next: 68%
MP:   11/11         EV:  9    Int:  8    God:    Beogh [**....]
Gold: 528           SH:  5    Dex: 10    Spells: 11/11 levels left

rFire   . . .      SeeInvis .   a - +2 war axe
rCold   . . .      Faith    .   c - +0 buckler
rNeg    . . .      Spirit   .   h - +0 chain mail
rPois   .          Reflect  .   j - +1 helmet
rElec   .          Harm     .   o - +2 cloak
rCorr   .          Rampage  .   (no gloves)
Will    .....                   (no boots)
Stlth   ..........              g - amulet of the acrobat
HPRegen 0.22/turn               (no ring)
MPRegen 0.12/turn               (no ring)

@: heavily drained
A: no striking features
a: Renounce Religion, Smiting


You were on level 8 of the Dungeon.
You worshipped Beogh.
Beogh was pleased with you.
You visited 2 branches of the dungeon, and saw 10 of its levels.
You also visited: Ossuary.

You collected 528 gold pieces.

Inventory:

Hand Weapons
 a - a +2 war axe (weapon)
Missiles
 p - a throwing net (quivered)
Armour
 b - a +0 scale mail
 c - a +0 buckler (worn)
 d - a +0 cloak
 h - a +0 chain mail (worn)
 j - a +1 helmet (worn)
 l - a +0 tower shield
 o - a +2 cloak (worn)
 t - a +2 ring mail of cold resistance
Jewellery
 g - an amulet of the acrobat (around neck)
 A - an amulet of regeneration
Wands
 i - a wand of flame (11)
 n - a wand of polymorph (7)
 q - a wand of iceblast (7)
 r - a wand of digging (5)
 x - a wand of mindburst (20)
 z - a wand of paralysis (9)
Scrolls
 k - 4 scrolls of teleportation
 s - 2 scrolls of amnesia
 y - a scroll of identify
Potions
 e - 2 potions of degeneration
 f - a potion of magic {unknown}
 m - a potion of attraction {unknown}
 u - 2 potions of haste {unknown}
 v - a potion of resistance {unknown}
 w - 3 potions of curing


   Skills:
 + Level 6.8 Fighting
 + Level 1.7(2.1) Short Blades
 + Level 2.0(2.4) Long Blades
 + Level 12.0(12.1) Axes
 + Level 2.0(6.9) Maces & Flails
 + Level 2.0(6.9) Polearms
 + Level 1.5(2.2) Staves
 + Level 1.5(2.3) Slings
 + Level 1.5 Bows
 + Level 2.3 Crossbows
 + Level 2.6(2.9) Throwing
 + Level 7.4 Armour
 + Level 2.7 Dodging
 + Level 2.1 Stealth
 + Level 5.6 Shields
 + Level 2.0 Unarmed Combat
 + Level 1.2 Spellcasting
 + Level 1.7 Conjurations
 + Level 1.7 Hexes
 + Level 2.5 Summonings
 + Level 1.7 Necromancy
 + Level 1.4 Translocations
 + Level 1.2 Transmutations
 + Level 2.0 Fire Magic
 + Level 1.5 Ice Magic
 + Level 1.4 Air Magic
 + Level 1.7 Earth Magic
 + Level 1.5 Poison Magic
 + Level 2.4 Invocations
 + Level 1.7 Evocations


You had 11 spell levels left.
You didn't know any spells.
Your spell library contained the following spells:

 Spells                   Type           Power      Damage    Failure   Level
 Sublimation of Blood     Necr           1%         N/A       88%         2
 Dazzling Flash           Conj/Hex       6%         N/A       98%         3
 Animate Dead             Necr           1%         N/A       100%        4
 Iskenderun's Mystic Bla  Conj/Tloc      3%         2d3       100%        4
 Freezing Cloud           Conj/Ice/Air   1%         6-21      100%        5
 Starburst                Conj/Fire      1%         6d3       100%        6


Dungeon Overview and Level Annotations

Branches:
Dungeon (9/15)             Temple (1/1) D:4         Ossuary (visited)
   Lair: D:8-11         Orc: D:9-12

Altars:
Ashenzari
Cheibriados
Dithmenos
Elyvilon
Fedhas
Gozag
Hepliaklqana
Kikubaaqudgha
Makhleb
Nemelex Xobeh
Okawaru
Qazlal
Sif Muna
Trog
Vehumet
Wu Jian
Xom
Yredelemnul
The Shining One

Shops:
D:3 [   D:6 ([

Annotations:
D:9 Erica


Message History

The orc is severely wounded.
You barely miss the orc warrior. You block the orc's attack.
The orc priest calls down the wrath of Beogh upon you.
Beogh smites you!
You slash the orc!
You kill the orc!
Beogh accepts your kill.
You slash the orc warrior!
The orc warrior hits you but does no damage.
Your Axes skill increases to level 12!
You hit the orc priest.
The orc priest is moderately wounded.
You slash the orc warrior!
The orc warrior hits you with a +0 flail!
* * * LOW HITPOINT WARNING * * *
The orc priest hits you but does no damage.
You closely miss the orc priest.
The orc priest is moderately wounded.
You completely miss the orc warrior. The orc warrior barely misses you.
You hit the orc priest.
The orc priest is severely wounded.
You closely miss the orc warrior.
The orc priest begins to cast a cantrip, but forgets the words!
The orc warrior barely misses you.
You barely miss the orc priest.
The orc priest is severely wounded.
You closely miss the orc warrior.
The orc priest looks braver for a moment.
The orc warrior hits you but does no damage.
You slash the orc priest!
You kill the orc priest!
Beogh accepts your kill.
Beogh appreciates your killing of a heretic priest.
You barely miss the orc warrior.
The orc warrior hits you with a +0 flail!
* * * LOW HITPOINT WARNING * * *
You feel better.
The orc warrior hits you with a +0 flail!
You die...
Beogh appreciates the orc warrior's killing of a heretic priest.

############ #..........
......... ........ .# ..... ..
#.# ... .### #.# #)# ..# ##.####
################@######.###.....#
.........##....o.)...##.##.......
.........##..................<...
.....(...##......................
.........##......................
.^......>#######........(.#######
..........................#
.........#..#########.....#
....##'####............#.##


You could see an orc warrior.

Vanquished Creatures
  A gargoyle (D:7)
  A troll (D:7)
  Sigmund (D:4)
  Eustachio (D:4)
  2 steam dragons (D:7)
  2 water moccasins (D:7)
  Duvessa (D:6)
  A hornet zombie (D:7)
  A black bear (D:6)
  2 necrophages
  3 ice beasts
  An orc warrior (D:8)
  A sky beast (D:7)
  2 ogres
  A phantom (D:6)
  3 elf zombies (Ossuary)
  3 kobold brigands
  A gnoll sergeant (D:8)
  3 scorpions
  Dowan (D:6)
  4 killer bees (D:5)
  5 wights (D:7)
  A jelly (D:7)
  2 centaur skeletons
  2 hounds (D:5)
  2 orc priests (D:8)
  A gnoll shaman (D:5)
  A human zombie (Ossuary)
  4 iguanas
  8 orc wizards
  A hound zombie (Ossuary)
  A hound skeleton (D:4)
  A howler monkey zombie (D:7)
  4 mummies (Ossuary)
  Robin (D:4)
  11 gnolls
  10 adders
  A river rat (D:5)
  A shadow imp (D:5)
  3 white imps
  An adder skeleton (D:4)
  4 worms
  4 dart slugs
  17 orcs
  6 endoplasms
  A giant cockroach (D:2)
  11 goblins
  7 hobgoblins
  3 jackals (D:5)
  17 kobolds
  3 quokkas
  6 ball pythons
  6 bats
  5 frilled lizards
  2 gnoll zombies (Ossuary)
  A goblin zombie (Ossuary)
  A kobold zombie (Ossuary)
  2 orc zombies (Ossuary)
  4 rats
  3 rat zombies
  31 bushes
231 creatures vanquished.

Vanquished Creatures (others)
  An orc priest (D:4)
  2 orcs (D:4)
  46 plants
49 creatures vanquished.

Grand Total: 280 creatures vanquished

Notes
Turn   | Place    | Note
-------+----------+-------------------------------------------
     0 | D:1      | GenialerGandalf the Hill Orc Fighter began the quest for
                  | the Orb.
     0 | D:1      | Reached XP level 1. HP: 19/19 MP: 1/1
   274 | D:1      | Reached skill level 3 in Axes
   348 | D:1      | Reached XP level 2. HP: 27/27 MP: 2/2
   683 | D:1      | Reached XP level 3. HP: 31/33 MP: 3/3
   714 | D:1      | Found a faded altar of an unknown god.
  1388 | D:2      | Reached skill level 4 in Axes
  1437 | D:2      | Reached XP level 4. HP: 39/40 MP: 4/4
  2044 | D:2      | Got Wesuetae's Incunabulum of Freezing Sinister Arts
  2329 | D:2      | Reached skill level 5 in Axes
  2469 | D:3      | Reached XP level 5. HP: 36/46 MP: 5/5
  2755 | D:3      | Found Zotref's Antique Armour Boutique.
  3127 | D:4      | Found a staircase to the Ecumenical Temple.
  3242 | D:4      | Noticed Robin
  3271 | D:4      | Reached skill level 6 in Axes
  3271 | D:4      | Reached XP level 6. HP: 50/53 MP: 6/6
  3276 | D:4      | Killed Robin
  3311 | D:4      | Noticed a necrophage
  3324 | D:4      | Killed a necrophage
  3325 | D:4      | Reached skill level 7 in Axes
  3371 | D:4      | Became a worshipper of Beogh the Brigand
  3374 | D:4      | Noticed Sigmund
  3411 | D:4      | Killed Sigmund
  3412 | D:4      | Reached skill level 1 in Dodging
  3412 | D:4      | Reached XP level 7. HP: 15/60 MP: 7/7
  3696 | D:4      | Noticed Eustachio
  3753 | Temple   | Entered the Ecumenical Temple
  3879 | D:4      | Killed Eustachio
  3880 | D:4      | Reached skill level 5 in Fighting
  3880 | D:4      | Reached skill level 8 in Axes
  4362 | D:4      | Reached skill level 5 in Armour
  4684 | D:5      | Entered Level 5 of the Dungeon
  4688 | D:5      | Found a burning altar of Makhleb.
  4763 | D:5      | Reached XP level 8. HP: 68/68 MP: 8/8
  4848 | D:5      | Reached skill level 9 in Axes
  4858 | D:5      | Reached skill level 1 in Short Blades
  4858 | D:5      | Reached skill level 1 in Staves
  4858 | D:5      | Reached skill level 1 in Slings
  4858 | D:5      | Reached skill level 1 in Bows
  4858 | D:5      | Reached skill level 1 in Stealth
  4858 | D:5      | Reached skill level 5 in Shields
  4858 | D:5      | Reached skill level 1 in Spellcasting
  4858 | D:5      | Reached skill level 1 in Conjurations
  4858 | D:5      | Reached skill level 1 in Hexes
  4858 | D:5      | Reached skill level 1 in Necromancy
  4858 | D:5      | Reached skill level 1 in Translocations
  4858 | D:5      | Reached skill level 1 in Transmutations
  4858 | D:5      | Reached skill level 1 in Ice Magic
  4858 | D:5      | Reached skill level 1 in Air Magic
  4858 | D:5      | Reached skill level 1 in Earth Magic
  4858 | D:5      | Reached skill level 1 in Poison Magic
  4858 | D:5      | Reached skill level 1 in Evocations
  4858 | D:5      | Reached XP level 9. HP: 13/75 MP: 8/10
  6115 | D:5      | Reached skill level 10 in Axes
  6365 | D:6      | Found a sparkling altar of Nemelex Xobeh.
  6531 | D:6      | Found a sand-covered staircase.
  6539 | Ossuary  | Entered an ossuary
  6551 | Ossuary  | Reached * piety under Beogh
  7571 | D:6      | Found Ticofoes's Antique Armour Shoppe.
  7680 | D:6      | Reached ** piety under Beogh
  8607 | D:6      | Reached skill level 11 in Axes
  8836 | D:6      | Noticed Duvessa
  8838 | D:6      | Noticed Dowan
  8845 | D:6      | Found Lialunic's Weapon Shoppe.
  8849 | D:6      | Killed Duvessa
  8863 | D:6      | Killed Dowan
  8864 | D:6      | Reached XP level 10. HP: 45/83 MP: 11/11
  9307 | D:7      | Found a broken altar of Ashenzari.
 10810 | D:7      | Noticed a gargoyle
 11360 | D:7      | Killed a gargoyle
 11668 | D:7      | Found a stormy altar of Qazlal.
 11674 | D:7      | Found a bloodstained altar of Trog.
 13247 | D:8      | Noticed Erica
 13886 | D:8      | Reached skill level 12 in Axes
 13890 | D:8      | HP: 3/75 [orc warrior (8)]
 13891 | D:8      | Slain by an orc warrior

Illustrated notes

Levels and vault maps discovered:
D:1:      dpeg_arrival_three_smaller_balls, layout_basic,
          hellmonk_ecumenical_altar_pennies_from_heaven
D:2:      layout_basic, minmay_misc_feat_diagonals, serial_park_tiny_2,
          serial_bayou_pond_a
D:3:      layout_rooms, serial_shops, nicolae_square_shop
D:4:      layout_basic, minmay_temple_entry_large_hall, uniq_eustachio,
          uniq_sigmund, uniq_robin
D:5:      layout_loops_ring, makhleb_grotto_becter
D:6:      layout_rooms, nemelex_spade_bored_becter, enter_ossuary_4,
          serial_shops, nicolae_shop_waterfront, nicolae_lakefront_shop,
          lexackson_kobold_supper, uniq_duvessa
D:7:      layout_basic, ashenzari_conservatory_becter, lemuel_tele_altar,
          mainiacjoe_overflow_cross_hatched, minmay_circle_x
D:8:      minmay_the_grid_triangle_9x9_rhombus_full
          [minmay_the_grid_triangle_9x9_pentomino_pain,
          minmay_the_grid_triangle_9x9_shrine,
          minmay_the_grid_triangle_9x9_stretched_checkered,
          minmay_the_grid_triangle_9x9_zippers_horizontal,
          minmay_the_grid_triangle_9x9_dagger,
          minmay_the_grid_triangle_9x9_alien,
          minmay_the_grid_triangle_9x9_negative_grid,
          minmay_the_grid_triangle_9x9_prize_insulated], layout_rooms,
          dk_noncrumbling_4, uniq_erica
D:9:      layout_cross, hangedman_ru_absence,
          nicolae_uskayaw_murder_on_the_dancefloor, david_lair_generic,
          uniq_maggie
Temple:   jpeg_temple_clearing

Skill      XL: |  1  2  3  4  5  6  7  8  9 10 |
---------------+-------------------------------+-----
Axes           | 3 4 5 6 7 8 9 11 12 | 12.0
Fighting       | 4 5 6 |  6.8
Armour         | 4 5 6 7 |  7.4
Dodging        | 1 2 |  2.7
Shields        | 4 5 |  5.6
Short Blades   | 1 |  1.7
Long Blades    | 2 |  2.0
Maces & Flails | 2 |  2.0
Polearms       | 2 |  2.0
Staves         | 1 |  1.5
Slings         | 1 |  1.5
Bows           | 1 |  1.5
Crossbows      | 2 |  2.3
Throwing       | 2 |  2.6
Stealth        | 1 2 |  2.1
Unarmed Combat | 2 |  2.0
Spellcasting   | 1 |  1.2
Conjurations   | 1 |  1.7
Hexes          | 1 |  1.7
Summonings     | 2 |  2.5
Necromancy     | 1 |  1.7
Translocations | 1 |  1.4
Transmutations | 1 |  1.2
Fire Magic     | 2 |  2.0
Ice Magic      | 1 |  1.5
Air Magic      | 1 |  1.4
Earth Magic    | 1 |  1.7
Poison Magic   | 1 |  1.5
Invocations    | 2 |  2.4
Evocations     | 1 |  1.7

Action                   |  1- 3 |  4- 6 |  7- 9 | 10-12 || total
-------------------------+-------+-------+-------+-------++-------
Melee: War axe           |    87 |   330 |   882 |   334 ||  1633
Throw: Throwing net      |       |       |     2 |     5 ||     7
Invok: Convert to Beogh  |       |     1 |       |       ||     1
Evoke: Wand              |       |       |     1 |       ||     1
  Use: Potion            |       |     1 |     5 |     1 ||     7
       Scroll            |       |       |     3 |     8 ||    11
 Stab: Held in net/web   |       |       |       |     1 ||     1
Armor: Scale mail        |    10 |       |       |       ||    10
       Chain mail        |    39 |   127 |   212 |   126 ||   504
       Skin              |       |       |    46 |       ||    46
Dodge: Dodged            |    71 |    99 |   215 |   114 ||   499
Block: Buckler           |    17 |    49 |    90 |    55 ||   211

Table legend: (Time is in decaauts)
 A = Elapsed time spent in this place.
 B = Non-inter-level travel time spent in this place.
 C = Inter-level travel time spent in this place.
 D = Time resting spent in this place.
 E = Time spent auto-exploring this place.
 F = Levels seen in this place.
 G = Mean time per level.
                   A        B        C        D        E       F      G
               +--------+--------+--------+--------+--------+-----+--------+
         Total |  13982 |  13707 |    275 |   4591 |   1687 |  11 | 1271.1 |
       Dungeon |  13218 |  12960 |    258 |   4253 |   1640 |   9 | 1468.7 |
        Temple |    272 |    255 |     17 |    159 |     44 |   1 |  272.0 |
       Ossuary |    491 |    491 |      0 |    179 |      3 |   1 |  491.0 |
               +--------+--------+--------+--------+--------+-----+--------+

Top non-repeatable levels by time:
     D:7: 2958 daAuts
     D:6: 2907 daAuts
     D:4: 1823 daAuts
     D:5: 1481 daAuts
     D:2: 1347 daAuts
     D:1: 1163 daAuts
     D:8: 867 daAuts
     D:3: 665 daAuts
 Ossuary: 491 daAuts
  Temple: 272 daAuts
     D:9: 4 daAuts
